 Dungeon Crawl Stone Soup version 0.31-a0-145-g046c7d2549 (webtiles) character file.

Game seed: 9255383775233032829

177544 vineage the Impaler (level 17, -5/115 HPs)
             Began as a Gargoyle Fighter on June 5, 2023.
             Was the Champion of Okawaru.
             Slain by a reaper
             ... wielding a +0 scythe of freezing
              (31 damage)
             ... in an ice cave.
             The game lasted 00:34:05 (25090 turns).

vineage the Impaler (Gargoyle Fighter)             Turns: 25090, Time: 00:34:05

Health: -5/115     AC: 40    Str: 39      XL:     17   Next: 85%
Magic:  19/21      EV: 11    Int:  8 (10) God:    Okawaru [******]
Gold:   429        SH: 22    Dex: 15      Spells: 16/16 levels left

rFire   + . .        x - +7 demon trident (drain)
rCold   + + .        K - +0 tower shield
rNeg    + . .        A - +0 plate armour
rPois   ∞            Q - +0 helmet of Oraixzyupe {rF+ Str+8}
rElec   +            c - +0 cloak
rCorr   .            i - +0 pair of gloves of the Orcish Mines {Rampage rC+ Dex+4}
SInv    .            W - +0 pair of boots of the Dungeon {+Blink rPois}
Will    +....        s - amulet of regeneration Stlth
                     S - +6 ring of strength
HPRegen 1.19/turn    g - ring of protection from cold
MPRegen 0.17/turn

%: rampage
@: heroic, flying, studying Translocations
A: sickness immunity, AC +12, big wings, negative energy resistance 1,
electricity resistance, torment resistance 1, petrification resistance
}: 1/15 runes: barnacled
a: Renounce Religion, Evoke Blink, Heroism, Finesse, Duel


You were in an ice cave.
You worshipped Okawaru.
Okawaru was exalted by your worship.
You visited 6 branches of the dungeon, and saw 28 of its levels.
You also visited: Ice Cave.

You collected 2311 gold pieces.
You spent 1882 gold pieces at shops.

Inventory:

Hand Weapons
 x - a +7 demon trident of draining (weapon)
 T - the +5 trident "Usmieree" {holy, rF+++ rN+ rCorr Str-3}
   (Okawaru gifted it to you on level 3 of the Shoals)

   Str:       It affects your strength (-3).
   rF:        It renders you almost immune to fire.
   rN:        It protects you from negative energy.
   rCorr:     It protects you from acid and corrosion.
Missiles
 I - a throwing net (quivered)
Armour
 c - a +0 cloak (worn)
 i - the +0 pair of gloves of the Orcish Mines (worn) {Rampage rC+ Dex+4}
   (You found it on level 8 of the Dungeon)

   Dex:       It affects your dexterity (+4).
   rC:        It protects you from cold.
   Rampage:   It bestows one free step when moving towards enemies.
 A - a +0 plate armour (worn)
 D - a +2 pair of boots
 K - a +0 tower shield (worn)
 Q - the +0 helmet of Oraixzyupe (worn) {rF+ Str+8}
   (Okawaru gifted it to you on level 13 of the Dungeon)

   Str:       It affects your strength (+8).
   rF:        It protects you from fire.
 W - the +0 pair of boots of the Dungeon (worn) {+Blink rPois}
   (You found it on level 4 of the Shoals)

   rPois:     It protects you from poison.
   +Blink:    It lets you blink.
Jewellery
 e - a +5 ring of evasion
 g - a ring of protection from cold (right hand)
 j - a +6 ring of strength
 s - an amulet of regeneration (around neck)
 t - a ring of protection from fire
 v - an amulet of guardian spirit
 w - an amulet of reflection
 y - a ring of fire
 B - a ring of see invisible
 S - a +6 ring of strength (left hand)
 V - a ring of wizardry
Wands
 a - a wand of mindburst (11)
 h - a wand of flame (59)
 r - a wand of roots (16)
 E - a wand of digging (12)
 F - a wand of polymorph (7)
Scrolls
 l - 8 scrolls of teleportation
 z - a scroll of fog
 C - a scroll of amnesia
 G - 3 scrolls of magic mapping
 L - 2 scrolls of torment
 N - a scroll of blinking
 O - 11 scrolls of identify
 P - a scroll of poison
 R - 3 scrolls of enchant armour
 U - a scroll of fear
Potions
 b - 5 potions of mutation
 d - 4 potions of might
 f - 8 potions of curing
 k - 6 potions of heal wounds
 m - a potion of cancellation
 n - 2 potions of magic
 o - 9 potions of ambrosia
 p - 11 potions of lignification
 q - 2 potions of brilliance
 u - 4 potions of enlightenment
 H - 2 potions of attraction
 J - 3 potions of berserk rage {unknown}
 M - a potion of haste


   Skills:
 + Level 15.8(20.8) Fighting
 * Level 18.2(23.2) Polearms
 + Level 15.8(20.8) Armour
 + Level 15.7(20.7) Shields
 - Level 5.6 Invocations
 * Level 2.7 Evocations


You had 16 spell levels left.
You didn't know any spells.
Your spell library contained the following spells:

 Spells                   Type           Power      Damage    Failure   Level
 Kiss of Death            Conj/Necr      0%         2d5       86%         1
 Magic Dart               Conj           0%         1d3       86%         1
 Sting                    Tmut/Pois      0%         1d3       86%         1
 Blink                    Tloc           0%         N/A       95%         2
 Lesser Beckoning         Tloc           0%         N/A       95%         2
 Momentum Strike          Conj/Tloc      0%         3d8       95%         2
 Poisonous Vapours        Pois/Air       0%         N/A       95%         2
 Frozen Ramparts          Ice            0%         1d1       99%         3
 Ignite Poison            Fire/Tmut/Pois 0%         N/A       99%         3
 Ice Form                 Ice/Tmut       0%         N/A       100%        4
 Leda's Liquefaction      Hex/Erth       0%         N/A       100%        4
 Olgreb's Toxic Radiance  Pois           0%         N/A       100%        4
 Sticky Flame             Conj/Fire      0%         2d3       100%        4
 Borgnjor's Vile Clutch   Necr/Erth      0%         N/A       100%        5
 Freezing Cloud           Conj/Ice/Air   0%         6-21      100%        5
 Iskenderun's Battlesphe  Conj           0%         2d6       100%        5
 Lee's Rapid Deconstruct  Erth           0%         3d4*      100%        5
 Leda's Unmaking          Conj/Erth      0%         9d1       100%        6
 Orb of Destruction       Conj           0%         9d5       100%        7
 Ignition                 Fire           0%         3d3       100%        8
 Cigotuvi's Dreadful Rot  Necr/Pois/Air  Unusable   N/A       N/A         2
 Summon Guardian Golem    Hex/Summ       Unusable   N/A       N/A         3
 Animate Dead             Necr           Unusable   N/A       N/A         4
 Summon Ice Beast         Ice/Summ       Unusable   N/A       N/A         4
 Death Channel            Necr           Unusable   N/A       N/A         6
 Statue Form              Tmut/Erth      Unusable   N/A       N/A         6
 Spellforged Servitor     Conj/Summ      Unusable   N/A       N/A         7

Dungeon Overview and Level Annotations

Branches:
Dungeon (15/15)            Temple (1/1) D:4            Lair (5/5) D:9
 Shoals (4/4) Lair:2       Spider (0/4) Lair:2        Slime (0/5) Lair:5
    Orc (2/2) D:9             Elf (1/3) Orc:2        Vaults (0/5) D:14
 Depths (0/4) D:15          IceCv (1/1)

Altars:
Ashenzari
Cheibriados
Dithmenos
Elyvilon
Fedhas
Gozag
Hepliaklqana
Kikubaaqudgha
Makhleb
Nemelex Xobeh
Okawaru
Qazlal
Ru
Sif Muna
Trog
Uskayaw
Vehumet
Wu Jian
Xom
Yredelemnul
Zin
The Shining One
Jiyva

Shops:
D:2 *   D:8 ?   D:14 *   Orc:1 *   Orc:2 ??(*(   Shoals:2 ([

Annotations:
Lair:1 exclusion: 2 oklob plants


Innate Abilities, Weirdness & Mutations

You are immune to sickness and miasma.
Your stone body is resilient. (AC +12)
You are immune to poison.
Your large and strong wings let you fly.
You resist negative energy. (rN+)
You are resistant to electric shocks. (rElec)
You are resistant to unholy torment.
You are immune to petrification.


Message History

You reach to attack!
You puncture the reaper!
The reaper is severely wounded.
The reaper whispers, "Time's up, vineage!"
The reaper hits you from afar with a +0 scythe of freezing!
You reach to attack!
You puncture the reaper!
The reaper is almost dead.
You block the reaper's attack.
You reach to attack!
You closely miss the reaper.
The reaper is almost dead.
You reach to attack!
You hit the reaper but do no damage.
The reaper is almost dead.
The reaper hits you from afar with a +0 scythe of freezing!!
The reaper freezes you.
You are too injured to fight recklessly!
You are too injured to fight recklessly!
You are too injured to fight recklessly!
You are too injured to fight recklessly!
You are too injured to fight recklessly!
You are too injured to fight recklessly!
You are too injured to fight recklessly!
You are too injured to fight recklessly!
You are too injured to fight recklessly!
You are too injured to fight recklessly!
You are too injured to fight recklessly!
You are too injured to fight recklessly!
You are too injured to fight recklessly!
You are too injured to fight recklessly!
You gain the combat prowess of a mighty hero.
The reaper hits you but does no damage.
Found three items.
The reaper hits you with a +0 scythe of freezing!!
* * * LOW HITPOINT WARNING * * *
The reaper freezes you.
* * * LOW HITPOINT WARNING * * *
Things that are here:
a +1 scythe of freezing; a +2 robe of cold resistance; a ring of protection from cold You closely miss the reaper.
The reaper is almost dead.
The reaper hits you with a +0 scythe of freezing!!
You die...

##.....§°##......
.. #####.
#.......##......##
##..
##...........#...
#...
##.....###..#..###
#...
###..#.....#....##
##..
####.....#......
##.. ###......##
##... ###.....#
#...∩ ###@###
#....
#.)....2....[.#
##..∩
#...##$:/##...#
##.. ## ##### ##
###


You could see a reaper.

Vanquished Creatures
  Rupert (Lair:3)
  2 sphinxes (Shoals:4)
  Kirke (Shoals:1)
  11 slime creatures
  An orc warlord (Orc:1)
  A reaper (IceCv)
  A dire elephant (D:15)
  2 minotaurs (Shoals:4)
  The ghost of senseless the Arsonist, a journeyman DgFE (D:12)
  4 merfolk impalers
  3 hydras
  5 ogre magi
  4 vault guards (D:14)
  A death knight (D:13)
  4 catoblepae
  9 centaur warriors
  3 boulder beetles
  25 two-headed ogres
  6 satyrs (Shoals:4)
  Erica (D:10)
  A tengu warrior (D:14)
  4 merfolk avatars
  6 death yaks
  A dancing weapon (Elf:1)
  A deep troll shaman (Lair:5)
  Urug (D:10)
  2 sun demons (Shoals:1)
  A deep elf knight (Elf:1)
  Sonja (D:11)
  5 skeletal warriors (D:15)
  A deep troll (Lair:4)
  6 skysharks
  Pikel (D:4)
  A bog body (IceCv)
  2 orc knights
  4 spriggan simulacra (IceCv)
  9 harpies
  4 deep elf zephyrmancers (Elf:1)
  5 sea snakes
  An orange crystal statue (IceCv)
  A wizard (D:15)
  5 deep elf pyromancers
  2 lindwurms
  3 wolf spiders
  An obsidian statue (IceCv)
  A harpy (shapeshifter) (D:14)
  17 ugly things
  9 manticores
  6 cyclopes
  21 elephants
  9 fauns
  A salamander (D:15)
  4 merfolk sirens
  2 black mambas
  5 water nymphs
  2 gargoyles (D:12)
  Maggie (D:8)
  11 cane toads
  2 unseen horrors
  A torpor snail (Lair:5)
  9 freezing wraiths
  4 ice devils (IceCv)
  3 komodo dragons
  4 rime drakes
  2 tengu conjurers
  An anaconda simulacrum (IceCv)
  2 golden dragon simulacra (IceCv)
  2 polar bears (Lair:5)
  2 wind drakes
  A queen bee (D:10)
  3 trolls
  A tarantella (D:14)
  16 blink frogs
  10 dream sheep
  16 merfolk
  5 snapping turtles
  A jumping spider (Lair:2)
  A culicivora (D:14)
  Sigmund (D:6)
  4 water elementals
  A centaur simulacrum (D:14)
  72 yaks
  2 vampires
  A hog (Shoals:1)
  3 shadows
  4 basilisks
  3 humans (Shoals:1)
  A wraith (D:12)
  2 wyverns
  3 steam dragons
  Grum (D:10)
  3 minotaur simulacra (IceCv)
  3 redbacks (D:14)
  19 vampire mosquitoes
  3 wargs
  A harpy simulacrum (IceCv)
  Menkaure (D:7)
  An acid dragon (D:8)
  10 water moccasins
  3 ice beasts
  A black bear (Lair:5)
  22 orc warriors
  An alligator simulacrum (IceCv)
  25 ogres
  4 boggarts (D:15)
  17 wolves
  25 centaurs
  A lemure (D:4)
  3 phantoms
  4 kobold brigands
  5 scorpions
  A deep troll simulacrum (IceCv)
  12 bullfrogs
  2 gnoll sergeants
  5 wights (D:7)
  2 troll zombies (D:9)
  2 lindwurm simulacra (IceCv)
  28 killer bees
  3 howler monkeys
  13 orc priests
  3 hounds
  9 jellies
  A sleepcap (D:6)
  Ijyb (D:4)
  4 iguanas
  16 orc wizards
  6 hell rats (Lair:4)
  6 ogre zombies (D:9)
  A boggart simulacrum (D:14)
  9 gnolls
  6 adders
  A shadow imp (D:7)
  2 white imps
  2 ufetubi
  A worm (D:3)
  3 dart slugs
  58 orcs
  3 ball pythons
  9 endoplasms
  6 giant cockroaches
  10 goblins
  14 hobgoblins
  3 jackals (D:4)
  17 kobolds
  8 quokkas
  3 training dummies (Orc:2)
  5 bats (D:1)
  3 frilled lizards
  A goblin skeleton (D:9)
  3 goblin zombies (D:9)
  A hobgoblin skeleton (D:9)
  3 hobgoblin zombies (D:9)
  An orc skeleton (D:9)
  16 orc zombies (D:9)
  10 rats
893 creatures vanquished.

Vanquished Creatures (others)
  2 gnolls (D:7)
  An orc (D:7)
3 creatures vanquished.

Grand Total: 896 creatures vanquished

Notes
Turn   | Place    | Note
-------+----------+-------------------------------------------
     0 | D:1      | vineage the Gargoyle Fighter began the quest for the Orb.
     0 | D:1      | Reached XP level 1. HP: 14/14 MP: 1/1
   132 | D:1      | Reached skill level 2 in Polearms
   137 | D:1      | Reached XP level 2. HP: 19/19 MP: 2/2
   436 | D:1      | Reached XP level 3. HP: 18/23 MP: 3/3
  1016 | D:2      | Found Xepliss's General Store.
  1027 | D:2      | Bought a scroll of identify for 20 gold pieces
  1027 | D:2      | Bought a potion of might for 40 gold pieces
  1033 | D:2      | Found a faded altar of an unknown god.
  1371 | D:2      | Reached XP level 4. HP: 29/29 MP: 4/4
  1768 | D:3      | Identified the -2 helmet "Wofro" {Int+3}
  2063 | D:3      | Reached skill level 3 in Polearms
  2353 | D:4      | Noticed a lemure
  2353 | D:4      | Noticed a lemure
  2353 | D:4      | Noticed a lemure
  2354 | D:4      | Noticed Pikel
  2370 | D:4      | Killed a lemure
  2370 | D:4      | Noticed a lemure
  2384 | D:4      | Killed Pikel
  2385 | D:4      | Reached skill level 5 in Fighting
  2385 | D:4      | Reached skill level 4 in Polearms
  2385 | D:4      | Reached XP level 5. HP: 28/35 MP: 5/5
  2385 | D:4      | Reached XP level 6. HP: 32/40 MP: 6/6
  2385 | D:4      | Reached XP level 7. HP: 36/44 MP: 7/7
  2464 | D:4      | Found a staircase to the Ecumenical Temple.
  2482 | D:4      | Reached skill level 5 in Shields
  2503 | Temple   | Entered the Ecumenical Temple
  2658 | Temple   | Became a worshipper of Warmaster Okawaru
  2701 | D:4      | Reached skill level 5 in Armour
  3152 | D:4      | Noticed Ijyb
  3178 | D:4      | Killed Ijyb
  3214 | D:4      | Found a sacrificial altar of Ru.
  3257 | D:4      | Reached skill level 5 in Polearms
  3468 | D:5      | Entered Level 5 of the Dungeon
  3640 | D:5      | Found a shadowy altar of Dithmenos.
  3764 | D:5      | Reached XP level 8. HP: 49/49 MP: 8/8
  4048 | D:6      | Reached skill level 1 in Invocations
  4237 | D:6      | Reached * piety under Okawaru
  4264 | D:6      | Noticed Sigmund
  4279 | D:6      | Killed Sigmund
  4386 | D:6      | Reached skill level 6 in Polearms
  4536 | D:6      | Reached XP level 9. HP: 55/55 MP: 11/11
  4727 | D:6      | Reached ** piety under Okawaru
  4762 | D:6      | Reached skill level 7 in Polearms
  4762 | D:6      | Reached skill level 5 in Invocations
  5677 | D:7      | Reached XP level 10. HP: 55/63 MP: 14/14
  5726 | D:7      | Reached *** piety under Okawaru
  5976 | D:7      | Noticed a manticore
  5994 | D:7      | Killed a manticore
  5995 | D:7      | Reached skill level 8 in Polearms
  6192 | D:7      | Noticed Menkaure
  6199 | D:7      | Killed Menkaure
  6201 | D:7      | Found a glowing silver altar of Zin.
  6468 | D:7      | Found a shimmering blue altar of Sif Muna.
  6593 | D:8      | Noticed Maggie
  6638 | D:8      | Killed Maggie
  7026 | D:8      | Found Jojugi's Magic Scroll Boutique.
  7145 | D:8      | Reached **** piety under Okawaru
  7225 | D:8      | Identified the +0 pair of gloves of the Orcish Mines
                  | {Rampage rC+ Dex+4}
  7501 | D:9      | Reached skill level 9 in Polearms
  7560 | D:9      | Found a staircase to the Lair.
  7587 | D:9      | Found an ornate altar of the Wu Jian Council.
  7627 | D:9      | Found a staircase to the Orcish Mines.
  7951 | D:9      | Reached XP level 11. HP: 60/69 MP: 13/15
  8202 | D:9      | Noticed a two-headed ogre
  8204 | D:9      | Noticed a two-headed ogre
  8217 | D:9      | Killed a two-headed ogre
  8227 | D:9      | Killed a two-headed ogre
  8427 | D:9      | Reached ***** piety under Okawaru
  8569 | D:10     | Entered Level 10 of the Dungeon
  8610 | D:10     | Reached skill level 10 in Polearms
  8874 | D:10     | Found a blossoming altar of Fedhas.
  9133 | D:10     | Noticed Urug
  9133 | D:10     | Noticed Grum
  9160 | D:10     | Killed Grum
  9193 | D:10     | HP: 2/71 [Urug/+5 demon trident of draining (17)]
  9197 | D:10     | Killed Urug
  9264 | D:10     | Identified a scroll of acquirement
  9264 | D:10     | Acquired the +3 buckler of Woedd {Harm Dex+2}
  9338 | D:10     | Noticed Erica
  9349 | D:10     | Killed Erica
  9422 | D:10     | Reached XP level 12. HP: 77/77 MP: 16/16
  9569 | D:10     | Reached skill level 11 in Polearms
  9743 | D:11     | Noticed Sonja
  9748 | D:11     | Killed Sonja
  9801 | D:11     | Reached ****** piety under Okawaru
  9801 | D:11     | Received a gift from Okawaru
  9802 | D:11     | Reached skill level 10 in Fighting
  9987 | D:11     | Reached skill level 10 in Armour
  9987 | D:11     | Reached skill level 10 in Shields
 10000 | D:11     | Noticed a centaur warrior
 10011 | D:11     | Killed a centaur warrior
 10533 | Lair:1   | Entered Level 1 of the Lair of Beasts
 10854 | Lair:1   | Got the Almanac of the Seven Lies
 11043 | Lair:1   | Found a blossoming altar of Fedhas.
 11475 | Lair:2   | Found a hole to the Spider Nest.
 11504 | Lair:2   | Found a staircase to the Shoals.
 11558 | Lair:2   | Reached skill level 12 in Polearms
 11564 | Lair:2   | Received a gift from Okawaru
 11564 | Lair:2   | Found the +7 Spriggan's Knife {stab, EV+4 Stlth+}
 11706 | Lair:2   | Reached XP level 13. HP: 76/84 MP: 17/17
 12369 | Lair:3   | Noticed Rupert
 12374 | Lair:3   | Paralysed by Rupert for 3 turns
 12393 | Lair:3   | Killed Rupert
 12480 | Lair:3   | Received a gift from Okawaru
 12832 | Lair:3   | Reached skill level 13 in Polearms
 13330 | Lair:4   | Identified the +2 leather armour "Walem" {Int+2}
 13423 | Lair:4   | Received a gift from Okawaru
 13725 | Lair:4   | Gained mutation: Your large and strong wings let you fly.
                  | [Gargoyle growth]
 13725 | Lair:4   | Reached XP level 14. HP: 88/92 MP: 16/18
 14139 | Lair:5   | Entered Level 5 of the Lair of Beasts
 14161 | Lair:4   | Identified the +1 helmet of Demons {rPois rF- Str+5 Dex-4}
                  | (Okawaru gifted it to you on level 4 of the Lair of Beasts)
 14161 | Lair:4   | Received a gift from Okawaru
 14283 | Lair:5   | Reached skill level 14 in Polearms
 14535 | Lair:5   | Found a staircase to the Slime Pits.
 14537 | Lair:5   | Found a viscous altar of Jiyva.
 14985 | Lair:5   | Identified the +0 robe of Idealism {+Blink rF+ Str+3 Int+2}
 15001 | Lair:5   | Identified the +4 shortbow "Ceskeizu" {speed, Contam rN+
                  | Dex+6}
 15502 | Orc:1    | Entered Level 1 of the Orcish Mines
 15502 | Orc:1    | Noticed an orc warlord
 15502 | Orc:1    | Found Ablaop's General Store.
 15539 | D:9      | Identified the +4 scale mail of Okawaru's Scorn {Harm rCorr
                  | Int-4 Stlth+} (Okawaru gifted it to you on level 9 of the
                  | Dungeon)
 15539 | D:9      | Received a gift from Okawaru
 15624 | Orc:1    | Killed an orc warlord
 15660 | Orc:1    | Bought a scroll of enchant weapon for 105 gold pieces
 15947 | Orc:2    | Entered Level 2 of the Orcish Mines
 15963 | Orc:2    | Found Neoc Noa's Firing Range.
 16048 | Orc:2    | Reached XP level 15. HP: 71/98 MP: 19/19
 16053 | Orc:2    | Reached skill level 15 in Polearms
 16136 | Orc:2    | Found Yrragg's Antique Weapon Boutique.
 16136 | Orc:2    | Found Ruysom's Magic Scroll Shoppe.
 16137 | Orc:2    | Found Ofirraq's Assorted Antiques.
 16137 | Orc:2    | Found Iheki's Magic Scroll Boutique.
 16303 | Orc:2    | Bought a scroll of magic mapping for 120 gold pieces
 16391 | Orc:2    | Found a staircase to the Elven Halls.
 16543 | Orc:2    | Received a gift from Okawaru
 17226 | D:12     | Found a runed translucent door.
 17228 | D:12     | Noticed senseless's ghost (journeyman DgFE)
 17778 | D:12     | Killed senseless's ghost
 18190 | D:13     | Identified the +0 helmet of Oraixzyupe {rF+ Str+8} (Okawaru
                  | gifted it to you on level 13 of the Dungeon)
 18190 | D:13     | Received a gift from Okawaru
 18442 | D:13     | Reached skill level 16 in Polearms
 19052 | D:14     | Found a gate to the Vaults.
 19077 | D:14     | Reached XP level 16. HP: 101/106 MP: 18/20
 19173 | D:14     | Identified the +5 flail of Distant Worlds {flame, Str+3}
 19410 | D:14     | Found Nylyfu's Assorted Antiques.
 19422 | D:14     | Bought a potion of heal wounds for 135 gold pieces
 19775 | D:15     | Entered Level 15 of the Dungeon
 20154 | D:15     | Received a gift from Okawaru
 20501 | D:15     | Found a staircase to the Depths.
 20927 | Shoals:1 | Entered Level 1 of the Shoals
 20985 | Shoals:1 | Reached skill level 17 in Polearms
 21008 | Shoals:1 | Noticed Kirke
 21020 | Shoals:1 | Killed Kirke
 21725 | Shoals:2 | Found Lypyaluer's Antique Armour Shop.
 21748 | Shoals:2 | Bought a pair of polished boots for 370 gold pieces
 21748 | Shoals:2 | Identified the +0 pair of boots of Gifaacef {*Slow +Inv
                  | rC+} (You bought it in a shop on level 2 of the Shoals)
 21748 | Shoals:2 | Bought a bloodstained plate armour for 1092 gold pieces
 21748 | Shoals:2 | Identified the +2 plate armour "Nefiv" {rPois rF+ Dex-5}
                  | (You bought it in a shop on level 2 of the Shoals)
 21947 | Shoals:2 | Reached skill level 15 in Armour
 21954 | Shoals:2 | Reached skill level 15 in Fighting
 21954 | Shoals:2 | Reached skill level 15 in Shields
 22120 | Shoals:2 | Reached XP level 17. HP: 112/113 MP: 21/21
 22184 | Shoals:2 | Found Hyivun's Weapon Emporium.
 22610 | Shoals:3 | Identified the +5 trident "Usmieree" {holy, rF+++ rN+ rCorr
                  | Str-3} (Okawaru gifted it to you on level 3 of the Shoals)
 22610 | Shoals:3 | Received a gift from Okawaru
 23271 | Shoals:4 | Entered Level 4 of the Shoals
 23590 | Shoals:4 | Received a gift from Okawaru
 23590 | Shoals:4 | Noticed a sphinx
 23616 | Shoals:4 | Killed a sphinx
 23707 | Shoals:4 | Noticed a sphinx
 23716 | Shoals:4 | Killed a sphinx
 23778 | Shoals:4 | Got a barnacled rune of Zot
 23801 | Shoals:4 | Reached skill level 18 in Polearms
 23936 | Shoals:4 | Identified the +0 pair of boots of the Dungeon {+Blink
                  | rPois}
 24448 | Elf:1    | Entered Level 1 of the Elven Halls
 24463 | Elf:1    | Identified the +1 ring mail "Eckon" {rElec rF++ rC+}
                  | (Okawaru gifted it to you on level 1 of the Elven Halls)
 24463 | Elf:1    | Received a gift from Okawaru
 24492 | Elf:1    | Reached skill level 1 in Evocations
 24524 | Elf:1    | Found a frozen archway.
 24543 | IceCv    | Entered an ice cave
 25090 | IceCv    | Slain by a reaper

Illustrated notes

Levels and vault maps discovered:
D:1:      dpeg_arrival_subterranean_lakeside_camping, layout_loops_ring,
          nicolae_eternal_life, minmay_ruptured
D:2:      layout_rooms, serial_aquarium, aquarium_bridge_square
          [aquarium_subvault_bridge, aquarium_subvault_window,
          aquarium_subvault_window, aquarium_subvault_bridge],
          aquarium_bridge_square [aquarium_subvault_balcony,
          aquarium_subvault_window, aquarium_subvault_window,
          aquarium_subvault_bridge], aquarium_window_1, aquarium_window_double,
          aquarium_view_2g, aquarium_view_2b, aquarium_balcony_1b,
          aquarium_pool_2, nicolae_ecumenical_oubliette, serial_shops,
          nicolae_shop_just_a_little_nook, roderic_serpentine_path
D:3:      layout_loops_ring, minmay_fractal_squares_diagonal_5
D:4:      layout_layer_cave, nicolae_ru_path_of_blood, temple_pool_b, uniq_ijyb,
          uniq_pikel
D:5:      layout_rooms, mainiacjoe_overflow_cross_hatched
D:6:      layout_layer_cave, minmay_pentangle, uniq_sigmund
D:7:      layout_basic, nicolae_sif_muna_little_library, zin_statuary,
          serial_glass, glass_columns_a, glass_columns_c,
          nicolae_fountain_basement, uniq_menkaure, uniq_joseph
D:8:      layout_rooms, serial_shops, nicolae_shop_tiny_glass, st_stairs_5,
          uniq_maggie
D:9:      layout_loops_ring, nicolae_overflow_crystal_walls,
          grunt_lair_entry_orc_guard_hut, zombieorc2_lemuel, minivault_11
D:10:     layout_roguey [special_room_bee], fedhas_altar_3, uniq_erica,
          uniq_urug, uniq_grum
D:11:     layout_cave_pools, uniq_sonja
D:12:     layout_loops_ring, ebering_ghost_inner_flame, st_stairs_3,
          chequers_serial_rivers_micro_b
D:13:     layout_grid_maze
D:14:     layout_loops_ring, lightli_vaults_fourway_checkpoint, serial_shops,
          shop, minmay_door_square
D:15:     hangedman_depths_entry_try_elsewhere_first, layout_loops_ring,
          chequers_serial_rivers_large_a
Temple:   regret_index_temple_sphere_string
Lair:1:   layout_hall_layers, hangedman_tree_tricks,
          nicolae_lair_run_with_the_wolves
Lair:2:   layout_chaotic_city, minmay_shoals_entry_centaurs,
          spider_nest_entry_rubble
Lair:3:   layout_long_grid, hangedman_lair_generics_rect, grunt_megastairs_5,
          uniq_rupert
Lair:4:   dreamdust_cave_troll, layout_loops_ring, serial_bayou_crossing
Lair:5:   grunt_lair_end_beastmaster, layout_regular_city,
          nicolae_slime_entry_slimehenge, grunt_megastairs_3, lemuel_fruit_tree
Shoals:1: layout_shoals, nicolae_shoals_sun_and_surf, uniq_kirke
Shoals:2: layout_shoals, serial_shops, shop,
          nicolae_shop_temple_entry_statues_fountains
Shoals:3: layout_shoals
Shoals:4: shoals_end_hellmonk_lost_city
Orc:1:    layout_caves, serial_shops, shop
Orc:2:    st_orc_ogre_mass, layout_caves, basic_altar, nicolae_shop_firing_range
Elf:1:    minmay_elf_arrival_circle, layout_loops_ring,
          portal_ice_cave_entry_frozen_things, hangedman_elf_disciples,
          nicolae_specific_store
IceCv:    ice_cave_small_demon

Skill      XL: |  1  2  3  4  5  6  7  8  9 10 11 12 13 14 15 16 17 |
---------------+----------------------------------------------------+-----
Polearms       | 2 4 5 6 7 9 10 12 13 14 16 17 18 | 18.2
Fighting       | 5 6 7 8 9 10 12 13 14 15 | 15.8
Armour         | 4 5 6 7 8 9 10 12 13 14 15 | 15.8
Shields        | 4 5 6 7 8 9 10 12 13 14 15 | 15.7
Invocations    | 3 5 |  5.6
Evocations     | 2 |  2.7

Action                     |  1- 3 |  4- 6 |  7- 9 | 10-12 | 13-15 | 16-18 || total
---------------------------+-------+-------+-------+-------+-------+-------++-------
  Melee: Trident           |   132 |    85 |   507 |  1042 |       |       ||  1766
         Demon trident     |       |       |       |   223 |  1173 |   979 ||  2375
 Invoke: Heroism           |       |       |     2 |    13 |     5 |     4 ||    24
         Finesse           |       |       |       |       |     1 |       ||     1
    Use: Scroll            |     1 |     2 |     5 |     9 |     7 |     7 ||    31
         Potion            |       |     1 |     3 |     5 |       |     3 ||    12
   Stab: Invisible         |       |       |     4 |       |       |       ||     4
         Distracted        |       |       |       |       |     1 |     1 ||     2
         Petrified         |       |       |       |       |     8 |       ||     8
 Armour: Scale mail        |    38 |     8 |       |       |    57 |       ||   103
         Ring mail         |       |     4 |    27 |       |       |       ||    31
         Chain mail        |       |       |   140 |   471 |     8 |       ||   619
         Plate armour      |       |       |       |       |   280 |   280 ||   560
  Dodge: Dodged            |    51 |    31 |   241 |   599 |   360 |   177 ||  1459
  Block: Buckler           |    20 |    13 |    86 |   365 |   327 |       ||   811
         Tower shield      |       |       |       |       |    56 |   564 ||   620

Table legend: (Time is in decaauts)
 A = Elapsed time spent in this place.
 B = Non-inter-level travel time spent in this place.
 C = Inter-level travel time spent in this place.
 D = Time resting spent in this place.
 E = Time spent auto-exploring this place.
 F = Levels seen in this place.
 G = Mean time per level.
                   A        B        C        D        E       F      G
               +--------+--------+--------+--------+--------+-----+--------+
         Total |  24196 |  22349 |   1847 |   1623 |  15372 |  29 |  834.3 |
       Dungeon |  14061 |  12950 |   1111 |    760 |   8803 |  15 |  937.4 |
        Temple |    171 |    143 |     28 |      0 |    128 |   1 |  171.0 |
          Lair |   4753 |   4403 |    350 |    490 |   3097 |   5 |  950.6 |
        Shoals |   3278 |   3075 |    203 |    162 |   2274 |   4 |  819.5 |
  Orcish Mines |   1338 |   1213 |    125 |      5 |    921 |   2 |  669.0 |
   Elven Halls |     83 |     54 |     29 |      0 |      0 |   1 |   83.0 |
      Ice Cave |    510 |    510 |      0 |    206 |    149 |   1 |  510.0 |
               +--------+--------+--------+--------+--------+-----+--------+

Top non-repeatable levels by time:
     D:6: 1591 daAuts
     D:9: 1516 daAuts
    D:10: 1117 daAuts
  Lair:3: 1061 daAuts
  Lair:5: 1054 daAuts
     D:4: 992 daAuts
     D:7: 959 daAuts
    D:13: 947 daAuts
  Lair:1: 939 daAuts
    D:14: 935 daAuts
Shoals:4: 935 daAuts
  Lair:4: 887 daAuts
     D:1: 884 daAuts
    D:15: 879 daAuts
Shoals:2: 879 daAuts
